[Event "Titled Tuesday Blitz December 20 Late 2022"]
[White "Ansh M Shah"]
[Black "ArchibaldCerveza29"]
[WhiteFideId "25033379"]
[WhiteElo "2084"]
[BlackElo "2441"]
[Result "1-0"]
[Round "05"]
[TimeControl "180+1"]
[Date "2022.12.21"]
[WhiteClock "0:00:03"]
[BlackClock "0:00:11"]

1. d4 d5 2. c4 e6 3. g3 Nf6 4. Bg2 Be7 5. Nf3 O-O 6. O-O dxc4 7. Qc2 b5 8. a4 Bb7 9. axb5 a6 10. bxa6 Nxa6 11. Qxc4 Bd5 12. Qd3 Nb4 13. Rxa8 Qxa8 14. Qc3 Rc8 15. Be3 Ne4 16. Qc1 Na2 17. Qc2 Nb4 18. Qd1 Qa2 19. Nc3 Qxb2 20. Nxe4 Bxe4 21. Qd2 Qb3 22. Rc1 Nd5 23. Ne5 Bxg2 24. Kxg2 Qb7 25. Kg1 Ba3 26. Ra1 Bb4 27. Qd3 c5 28. dxc5 Bxc5 29. Bxc5 Rxc5 30. Nf3 h6 31. Rb1 Qc7 32. Kg2 Rc3 33. Qb5 Rc2 34. Qb8+ Qxb8 35. Rxb8+ Kh7 36. Kf1 Nc3 37. e3 Ne4 38. Rb4 Rxf2+ 39. Kg1 Rxf3 40. Rxe4 Kg6 41. Kg2 Rf5 42. g4 Ra5 43. Kg3 Kf6 44. Kf3 Ra2 45. h3 g6 46. Rf4+ Ke7 47. Rb4 Ra7 48. Rb5 Rc7 49. Rb4 Rc1 50. Rb7+ Kf6 51. Rb4 Rf1+ 52. Kg3 Kg5 53. h4+ Kf6 54. Kg2 Re1 55. Kf2 Rh1 56. Kg3 Ra1 57. Kf3 Ra5 58. Kg3 h5 59. g5+ Ke7 60. Rb7+ Kf8 61. Rb8+ Kg7 62. Rb7 Ra4 63. Rb3 Rg4+ 64. Kh3 Kf8 65. Rc3 Ke7 66. Rb3 Re4 67. Rc3 Kd6 68. Kg3 Ke5 69. Rc5+ Kd6 70. Rc3 e5 71. Rb3 Ke6 72. Rb6+ Kf5 73. Rf6# 1-0


[Site "https://www.chess.com"]

[Event "Titled Tuesday Blitz December 20 Late 2022"]
[White "Antonio, Jorge Carlos"]
[Black "Piesik, Piotr"]
[WhiteFideId "113190"]
[BlackFideId "1136194"]
[WhiteElo "2247"]
[BlackElo "2316"]
[Result "1-0"]
[Round "05"]
[TimeControl "180+1"]
[Date "2022.12.21"]
[WhiteClock "0:00:17"]
[BlackClock "0:00:52"]

1. d4 c5 2. Nf3 cxd4 3. Nxd4 d5 4. c4 dxc4 5. e4 e5 6. Nb5 Qxd1+ 7. Kxd1 Na6 8. Bxc4 Nf6 9. f3 Bc5 10. a3 Ke7 11. b4 Rd8+ 12. Ke2 Bb6 13. N1c3 Be6 14. Bxe6 Kxe6 15. Be3 Rac8 16. Rac1 Nb8 17. Nxa7 Bxa7 18. Bxa7 Nc6 19. Bb6 Nd4+ 20. Bxd4 Rxd4 21. Nb5 Rdc4 22. Rxc4 Rxc4 23. Rd1 Nd7 24. Rd6+ Ke7 25. Kd2 f6 26. Rd5 Rc6 27. Rd3 Nb6 28. Rc3 Nc4+ 29. Ke2 Kd7 30. a4 g6 31. Na7 Rc7 32. Nb5 Rc6 33. Na7 Rc7 34. Nb5 Rc8 35. Na7 Ra8 36. Rxc4 Rxa7 37. b5 Kd6 38. Kd3 f5 39. Kc3 Ra8 40. Kb4 f4 41. b6 h5 42. Rc7 Rb8 43. Rg7 Ke6 44. Rxg6+ Kf7 45. Rh6 1-0


[Site "https://www.chess.com"]

[Event "Titled Tuesday Blitz December 20 Late 2022"]
[White "Araujo Sanchez, Josue"]
[Black "Sztokbant, Bernardo Vainzoff"]
[WhiteFideId "6416896"]
[BlackFideId "2115956"]
[WhiteElo "2370"]
[BlackElo "2222"]
[Result "1/2-1/2"]
[Round "05"]
[TimeControl "180+1"]
[Date "2022.12.21"]
[WhiteClock "0:02:18"]
[BlackClock "0:00:56"]

1. c4 c5 2. Nc3 Nc6 3. g3 Nf6 4. Bg2 g6 5. Nf3 Bg7 6. O-O O-O 7. a3 d5 8. cxd5 Nxd5 9. Nxd5 Qxd5 10. d3 Qd7 11. Rb1 b6 12. b4 cxb4 13. axb4 Bb7 14. b5 Na5 15. Bd2 Rac8 16. Qa4 a6 17. Bxa5 bxa5 18. Qxa5 axb5 19. Qxb5 Qxb5 20. Rxb5 Bxf3 21. Bxf3 Rc7 22. Rfb1 h5 23. Kg2 Bf6 24. h4 Kg7 25. e3 Rc2 26. d4 Rfc8 27. Be4 Rd2 28. Rb7 Rc3 29. Kf3 Rxd4 30. R1b3 Rxb3 31. Rxb3 Rd2 32. Rb7 Rb2 33. Ra7 e6 34. Bc6 Kf8 35. Ra8+ Kg7 36. Be8 Rb7 37. Bc6 Rc7 38. Be4 Rd7 39. Bb1 Rd1 40. Rb8 Rd2 41. Rb7 Rb2 42. Be4 Rxb7 43. Bxb7 Bd8 44. Ke4 Kf6 45. f4 Bb6 46. Kf3 e5 47. e4 exf4 48. gxf4 Ke7 49. Ba6 Ba5 50. Kg3 Be1+ 51. Kh3 Bd2 52. f5 Kf6 53. fxg6 fxg6 54. Bb5 Be1 55. Be8 Bf2 56. Bc6 Be1 57. Be8 Bf2 58. e5+ Kxe5 59. Bxg6 Bxh4 60. Kxh4 Kd4 61. Bxh5 1/2-1/2


[Site "https://www.chess.com"]

[Event "Titled Tuesday Blitz December 20 Late 2022"]
[White "Arbunic Castro, Giovanna"]
[Black "Broca Jimenez, Fernando"]
[WhiteFideId "3400549"]
[BlackFideId "5104742"]
[WhiteElo "1962"]
[BlackElo "2062"]
[Result "0-1"]
[Round "05"]
[TimeControl "180+1"]
[Date "2022.12.21"]
[WhiteClock "0:00:02"]
[BlackClock "0:01:01"]

1. e4 c5 2. g3 g6 3. Bg2 Bg7 4. Ne2 Nc6 5. c3 e6 6. O-O Nge7 7. d4 O-O 8. dxc5 Qa5 9. b4 Qc7 10. Bf4 Qd8 11. Bd6 Nxb4 12. cxb4 Bxa1 13. Nbc3 Bxc3 14. Nxc3 Re8 15. e5 Nf5 16. Ne4 Nxd6 17. cxd6 Kg7 18. Nf6 Rf8 19. Qg4 Rb8 20. Qh4 h6 21. Re1 b6 22. Bh3 Bb7 23. f4 Rc8 24. f5 exf5 25. Bxf5 Rc2 26. Bxc2 Qc8 27. Re2 Qc6 28. Be4 Qc1+ 29. Kf2 Ba6 0-1


[Site "https://www.chess.com"]

[Event "Titled Tuesday Blitz December 20 Late 2022"]
[White "Ardila, Oscar Humberto"]
[Black "Hoffmann, Asa"]
[WhiteFideId "4404742"]
[BlackFideId "2001470"]
[WhiteElo "1961"]
[BlackElo "2117"]
[Result "1-0"]
[Round "05"]
[TimeControl "180+1"]
[Date "2022.12.21"]
[WhiteClock "0:00:11"]
[BlackClock "0:00:01"]

1. d4 Nf6 2. c4 c5 3. d5 e5 4. Nc3 d6 5. e4 Be7 6. Nf3 Nbd7 7. g3 O-O 8. Bg2 b5 9. cxb5 a6 10. O-O axb5 11. Re1 b4 12. Nb1 Ba6 13. Qc2 c4 14. Be3 Qa5 15. Bd2 Qb5 16. a3 b3 17. Qc1 Nc5 18. Nc3 Qb7 19. Bf1 Rfc8 20. Bg5 h6 21. Bxf6 Bxf6 22. Qd2 Bd8 23. Nh4 Ba5 24. Qe3 Bxc3 25. Qxc3 Na4 26. Qb4 Qxb4 27. axb4 Nxb2 28. Reb1 Nd3 29. Bxd3 cxd3 30. Rxb3 Bc4 31. Rxa8 Rxa8 32. Rb2 g6 33. Nf3 f5 34. Nd2 Bb5 35. f3 Rc8 36. Kf2 Rc1 37. Ra2 f4 38. gxf4 exf4 39. Ra5 Bc4 40. Nxc4 Rxc4 41. b5 Rc2+ 42. Ke1 Rb2 43. Kd1 Kf7 44. Ra6 Rxb5 45. Rxd6 Rb2 46. Rc6 Ke7 47. e5 Re2 48. Re6+ Kd7 49. Rd6+ Kc7 50. Rc6+ Kb7 51. e6 g5 52. Rc3 Re3 53. Kd2 g4 54. Rxd3 Re5 55. fxg4 Kc7 56. Rd4 Kd6 57. Rxf4 Rxd5+ 58. Ke3 Kxe6 59. Kf3 Rd3+ 60. Kg2 Ke5 61. Ra4 Kf6 62. h4 Rc3 63. Ra6+ Kg7 64. Rd6 Rb3 65. Ra6 Rc3 66. Rd6 Rb3 67. Re6 Rc3 68. Kf2 Rb3 69. Re3 Rb4 70. Kf3 Ra4 71. Rd3 Rb4 72. Rc3 Ra4 73. Re3 Rb4 74. Rd3 Ra4 75. Re3 Rb4 76. Re4 Rb1 77. Kf4 Rf1+ 78. Kg3 Rc1 79. Re7+ Kf6 80. Re3 Rc4 81. Rf3+ Kg6 82. Re3 Rb4 83. Ra3 Rc4 84. Ra6+ Kg7 85. h5 Rb4 86. Rg6+ Kh7 87. Rf6 Rc4 88. Rf7+ Kg8 89. Rf6 Kg7 90. Rg6+ Kh7 91. Rf6 Kg7 92. Rf4 Rc3+ 93. Kh4 Rc1 94. Ra4 Rh1+ 95. Kg3 Rg1+ 96. Kf4 Rf1+ 97. Ke5 Rf2 98. Rf4 Ra2 99. Rd4 Re2+ 100. Re4 Rf2 101. Rf4 Re2+ 102. Kf5 Re8 103. Rd4 Rf8+ 104. Ke4 Re8+ 105. Kf4 Rf8+ 106. Kg3 Rf7 107. Rd6 Re7 108. Rg6+ Kh7 109. Kf4 Rf7+ 110. Ke5 Re7+ 111. Kf6 Rb7 112. Kf5 Rb5+ 113. Kf4 Rb4+ 114. Kg3 Rb3+ 115. Kh4 Rb7 116. Ra6 Rc7 117. Kg3 Rb7 118. Kf4 Rc7 119. Re6 Rd7 120. Kf5 Rf7+ 121. Rf6 Ra7 122. Re6 Ra5+ 123. Re5 Ra7 124. g5 hxg5 125. Kxg5 Rg7+ 126. Kh4 Rf7 127. Re6 Rg7 128. Rf6 Rg1 129. Rf7+ Kh6 130. Rf6+ Kh7 131. Rf4 Rh1+ 132. Kg5 Rg1+ 133. Kf6 Kh6 134. Rf5 1-0


[Site "https://www.chess.com"]

[Event "Titled Tuesday Blitz December 20 Late 2022"]
[White "Baches Garcia, Guillermo"]
[Black "Sokolovsky, Yahli"]
[WhiteFideId "2209764"]
[BlackFideId "2820242"]
[WhiteElo "2485"]
[BlackElo "2316"]
[Result "1-0"]
[Round "05"]
[TimeControl "180+1"]
[Date "2022.12.21"]
[WhiteClock "0:00:19"]
[BlackClock "0:00:13"]

1. e4 d6 2. d4 Nf6 3. f3 g6 4. Be3 Bg7 5. Qd2 h5 6. c4 e5 7. Ne2 Nc6 8. Nbc3 Bd7 9. O-O-O a6 10. Kb1 b5 11. c5 b4 12. Nd5 Nxd5 13. exd5 Bf5+ 14. Ka1 Nxd4 15. Nxd4 exd4 16. Bxd4 O-O 17. Bxg7 Kxg7 18. Qxb4 Re8 19. Qd4+ Qf6 20. Qxf6+ Kxf6 21. c6 Rab8 22. Bxa6 Rb4 23. b3 Rh4 24. Bc4 Re3 25. Kb2 Ke5 26. Rhe1 Rxe1 27. Rxe1+ Kf6 28. h3 Rf4 29. a4 g5 30. a5 Bc8 31. a6 Rxc4 32. bxc4 Bxa6 33. Kc3 Bc8 34. g4 hxg4 35. hxg4 Ba6 36. Kd4 Kg7 37. Re7 Kg6 38. Rxc7 f5 39. Rd7 fxg4 40. fxg4 Bc8 41. Rxd6+ Kf7 42. c7 Bxg4 43. Rd8 Bf5 44. c8=Q Bxc8 45. Rxc8 g4 46. Ra8 g3 47. Ra1 Ke7 48. Rg1 Kf6 49. Rxg3 Kf5 50. Re3 Kf6 51. Re6+ Kf7 52. c5 Kf8 53. c6 Kf7 54. Re1 1-0


[Site "https://www.chess.com"]

[Event "Titled Tuesday Blitz December 20 Late 2022"]
[White "Bambino Filho, Antonio Carlos"]
[Black "Nasir, Zehn"]
[WhiteFideId "2113163"]
[BlackFideId "2613239"]
[WhiteElo "2413"]
[BlackElo "1993"]
[Result "0-1"]
[Round "05"]
[TimeControl "180+1"]
[Date "2022.12.21"]
[WhiteClock "0:00:35"]
[BlackClock "0:00:07"]

1. e4 c6 2. d4 d5 3. Nc3 dxe4 4. Nxe4 Bf5 5. Nc5 b6 6. Nb3 e6 7. Bd3 Bxd3 8. Qxd3 Nf6 9. Nf3 Bd6 10. O-O O-O 11. Re1 Nbd7 12. c4 c5 13. Bg5 Rc8 14. Rad1 Qc7 15. dxc5 Bxc5 16. Nxc5 Qxc5 17. b3 h6 18. Be3 Qa5 19. Qe2 Qh5 20. h3 Nc5 21. Nd4 Qxe2 22. Nxe2 Rfd8 23. Nc3 Nd3 24. Re2 Rd7 25. Red2 Rcd8 26. Kf1 Kf8 27. Ke2 Nb4 28. Rxd7 Rxd7 29. Rxd7 Nxd7 30. a3 Nc6 31. b4 Nce5 32. c5 bxc5 33. Bxc5+ Nxc5 34. bxc5 Ke7 35. f4 Nc4 36. a4 Kd7 37. Kd3 Na5 38. Kd4 Kc6 39. Ne4 f6 40. g4 f5 41. gxf5 exf5 42. Nd6 g6 43. Nf7 Nb3+ 44. Kc4 Nxc5 45. Ne5+ Kd6 46. a5 Nb7 47. Kb5 g5 48. Nf7+ Ke6 49. Nxh6 gxf4 50. a6 Nd6+ 0-1


[Site "https://www.chess.com"]

[Event "Titled Tuesday Blitz December 20 Late 2022"]
[White "Barria Zuniga, Daniel"]
[Black "Ivanov, Mike"]
[WhiteFideId "3400816"]
[BlackFideId "2613158"]
[WhiteElo "2414"]
[BlackElo "2237"]
[Result "1-0"]
[Round "05"]
[TimeControl "180+1"]
[Date "2022.12.21"]
[WhiteClock "0:01:25"]
[BlackClock "0:01:13"]

1. d4 Nf6 2. c4 e6 3. Nf3 Bb4+ 4. Nbd2 O-O 5. g3 b6 6. Bg2 Bb7 7. O-O Re8 8. Qc2 d6 9. e4 Nbd7 10. a3 Bxd2 11. Nxd2 e5 12. d5 a5 13. b3 Nc5 14. Rb1 Nfd7 15. b4 axb4 16. axb4 Na6 17. Qc3 g6 18. Nb3 Qe7 19. Be3 f5 20. f3 Rf8 21. c5 bxc5 22. bxc5 dxc5 23. Na5 Bc8 24. Bh6 Re8 25. Nc6 Qd6 26. f4 fxe4 27. fxe5 Qxd5 28. e6 Ne5 29. Nxe5 Qd4+ 30. Qxd4 cxd4 31. Bxe4 Rb8 32. Rxb8 Nxb8 33. e7 Bf5 34. Bxf5 1-0


[Site "https://www.chess.com"]

[Event "Titled Tuesday Blitz December 20 Late 2022"]
[White "Battlecruiser_Operational"]
[Black "Ankerst, Mihael"]
[BlackFideId "14602369"]
[WhiteElo "2424"]
[BlackElo "2362"]
[Result "1-0"]
[Round "05"]
[TimeControl "180+1"]
[Date "2022.12.21"]
[WhiteClock "0:00:10"]
[BlackClock "0:00:20"]

1. e4 c5 2. d3 Nc6 3. g3 e6 4. Bg2 Nf6 5. f4 d5 6. Nd2 Be7 7. Ngf3 O-O 8. O-O b5 9. a4 b4 10. e5 Nd7 11. Kh1 Ba6 12. Rf2 Rc8 13. Nf1 Qc7 14. g4 f6 15. exf6 Nxf6 16. h3 Bd6 17. Ng5 Rce8 18. h4 h6 19. Nh3 h5 20. gxh5 Nd4 21. Ng3 Nf5 22. Nxf5 exf5 23. Bd2 Bb7 24. Bf3 d4 25. Kg1 Re3 26. Bxe3 dxe3 27. Rg2 Bxf4 28. Nxf4 Qxf4 29. Bxb7 Ng4 30. Qf3 Qc7 31. Bd5+ Kh8 32. Re1 c4 33. Rxg4 cxd3 34. cxd3 f4 35. Rg6 Qe5 36. h6 gxh6 37. Be4 Rf6 38. Qg4 Rxg6 39. Qxg6 Qg7 40. Qxg7+ Kxg7 41. h5 Kf6 42. b3 Ke5 43. Kg2 Kd4 44. Kf3 Kc3 45. Kxf4 Kd2 46. Rg1 e2 47. d4 e1=Q 48. Rxe1 Kxe1 49. d5 Kd2 50. d6 Kc3 51. Bd5 Kb2 52. Bc4 a5 53. d7 Ka3 54. d8=Q Ka2 55. Qxa5 Ka3 56. Qc5 Ka2 57. Qxb4 Kb2 58. Qd6 Ka2 59. Qxh6 Kb2 60. Qg6 Ka3 61. h6 Ka2 62. h7 Ka3 63. Qd3 Ka2 64. a5 Ka3 65. a6 Ka2 66. a7 Kb2 67. h8=Q+ Kc1 68. Qh1+ Kb2 69. Qhb1+ Ka3 70. Qd6# 1-0


[Site "https://www.chess.com"]

[Event "Titled Tuesday Blitz December 20 Late 2022"]
[White "Begmuratov, Khumoyun"]
[Black "Vega Gutierrez, Sabrina"]
[WhiteFideId "14210207"]
[BlackFideId "2219026"]
[WhiteElo "2267"]
[BlackElo "2261"]
[Result "1-0"]
[Round "05"]
[TimeControl "180+1"]
[Date "2022.12.21"]
[WhiteClock "0:02:15"]
[BlackClock "0:00:02"]

1. e4 c5 2. Nc3 e6 3. g3 Nc6 4. Bg2 g6 5. d3 Bg7 6. f4 d6 7. Nf3 Nge7 8. O-O O-O 9. a4 Rb8 10. Bd2 a6 11. Qc1 b5 12. axb5 axb5 13. Nd1 b4 14. Nf2 Nd4 15. Nxd4 cxd4 16. c3 bxc3 17. bxc3 dxc3 18. Bxc3 Bxc3 19. Qxc3 Qb6 20. Kh1 Bd7 21. Ng4 f5 22. Nh6# 1-0


[Site "https://www.chess.com"]

[Event "Titled Tuesday Blitz December 20 Late 2022"]
[White "Belenkaya, Dina"]
[Black "Toncheva, Nadya"]
[WhiteFideId "24142654"]
[BlackFideId "2924056"]
[WhiteElo "2209"]
[BlackElo "2101"]
[Result "0-1"]
[Round "05"]
[TimeControl "180+1"]
[Date "2022.12.21"]
[WhiteClock "0:00:14"]
[BlackClock "0:00:58"]

1. Nf3 c5 2. g3 Nc6 3. Bg2 g6 4. e4 Bg7 5. d3 e6 6. c3 Nge7 7. d4 cxd4 8. cxd4 d5 9. e5 O-O 10. Nc3 Nf5 11. g4 Nh4 12. Nxh4 Qxh4 13. Bf4 f6 14. Bg3 Qh6 15. f4 fxe5 16. h4 Nxd4 17. g5 Qh5 18. fxe5 Nf3+ 19. Bxf3 Rxf3 20. Ne2 Bd7 21. Qd4 Bb5 22. Rg1 Bxe2 23. Kxe2 Rf4+ 0-1


[Site "https://www.chess.com"]

[Event "Titled Tuesday Blitz December 20 Late 2022"]
[White "Bluebaum, Matthias"]
[Black "Kamsky, Gata"]
[WhiteFideId "24651516"]
[BlackFideId "2000024"]
[WhiteElo "2634"]
[BlackElo "2666"]
[Result "1/2-1/2"]
[Round "05"]
[TimeControl "180+1"]
[Date "2022.12.20"]
[WhiteClock "0:00:04"]
[BlackClock "0:00:13"]

1. d4 Nf6 2. c4 g6 3. Nc3 Bg7 4. e4 d6 5. Nf3 c6 6. Be2 a6 7. a4 a5 8. O-O O-O 9. h3 Na6 10. Be3 e5 11. dxe5 dxe5 12. Nxe5 Qxd1 13. Raxd1 Nxe4 14. Nxe4 Bxe5 15. b3 Bf5 16. Nd6 Bc2 17. Rd2 Bxb3 18. Nxb7 Bxa4 19. Ra2 Bb3 20. Rxa5 Bc7 21. Ra3 Bc2 22. Rfa1 Be5 23. R1a2 Bb1 24. Rd2 Nc7 25. Rxa8 Rxa8 26. Rd8+ Rxd8 27. Nxd8 Ne6 28. Nxc6 Bd6 29. Nd4 Nc5 30. Nb5 Be7 31. Nc3 Bc2 32. Nd5 Bf8 33. Nf6+ Kh8 34. Bd4 Ne6 35. Bc3 Bg7 36. Nd5 Bxc3 37. Nxc3 Kg7 38. g3 Kf6 39. f4 Ke7 40. Kf2 Kd6 41. Ke3 Kc5 42. Ne4+ Bxe4 43. Kxe4 Kd6 44. Bd1 Nc5+ 45. Ke3 h6 46. Bc2 Ke6 47. Kd4 Kd6 48. f5 g5 49. f6 Nd7 50. Bf5 Nxf6 51. c5+ Ke7 52. Ke5 Ne8 53. Bd3 Nc7 54. Bc4 Ne8 55. Bb3 Nc7 56. Kf5 Ne8 57. Bc4 Ng7+ 58. Ke5 f6+ 59. Kd5 Kd7 60. Bb5+ Kc7 61. Bd3 Kd7 62. Be2 Kc7 63. Bg4 h5 64. Bf3 Nf5 65. Bxh5 Nxg3 66. Bd1 f5 67. Ke5 Kc6 68. Kf6 g4 69. hxg4 fxg4 70. Bxg4 Kxc5 1/2-1/2


[Site "https://www.chess.com"]

[Event "Titled Tuesday Blitz December 20 Late 2022"]
[White "Bogaudinov, Rushan"]
[Black "monkins"]
[WhiteFideId "4129288"]
[WhiteElo "2028"]
[BlackElo "2227"]
[Result "1-0"]
[Round "05"]
[TimeControl "180+1"]
[Date "2022.12.21"]
[WhiteClock "0:01:22"]
[BlackClock "0:00:11"]

1. b3 Nf6 2. Bb2 g6 3. e3 Bg7 4. d4 c5 5. Nf3 cxd4 6. exd4 d5 7. Be2 O-O 8. O-O Nc6 9. c4 Bf5 10. Nc3 Rc8 11. c5 Ne4 12. a3 a5 13. h3 e5 14. Nxe4 dxe4 15. Nxe5 Nxe5 16. dxe5 Rxc5 17. Rc1 Rxc1 18. Qxc1 Qb6 19. Bc4 h5 20. a4 Re8 21. Qf4 Qc7 22. g4 hxg4 23. hxg4 Bd7 24. Bxf7+ Kf8 25. Bxg6+ Kg8 26. Bf7+ Kf8 27. Ba3+ Re7 28. Bg6+ Kg8 29. Bxe7 Bxe5 30. Qf7+ 1-0


[Site "https://www.chess.com"]

[Event "Titled Tuesday Blitz December 20 Late 2022"]
[White "Bolanos, Fernando"]
[Black "Sarkar, Justin"]
[WhiteFideId "3304094"]
[BlackFideId "2010011"]
[WhiteElo "2166"]
[BlackElo "2239"]
[Result "0-1"]
[Round "05"]
[TimeControl "180+1"]
[Date "2022.12.21"]
[WhiteClock "0:00:01"]
[BlackClock "0:00:07"]

1. e4 e5 2. Nf3 Nc6 3. Bb5 a6 4. Ba4 Nf6 5. O-O Be7 6. Re1 b5 7. Bb3 d6 8. d3 Na5 9. Nc3 O-O 10. h3 Bb7 11. Bd5 c6 12. Bb3 Nxb3 13. axb3 c5 14. Ne2 Nd7 15. Ng3 g6 16. Bh6 Re8 17. Qd2 Nf8 18. Re2 Ne6 19. Rf1 a5 20. Nh2 a4 21. bxa4 Rxa4 22. f4 exf4 23. Bxf4 Nxf4 24. Qxf4 Rf8 25. Kh1 d5 26. Ng4 dxe4 27. dxe4 f5 28. Nh6+ Kh8 29. b3 Ra2 0-1


[Site "https://www.chess.com"]

[Event "Titled Tuesday Blitz December 20 Late 2022"]
[White "Boros, Denes"]
[Black "Solon, Nathan"]
[WhiteFideId "722340"]
[BlackFideId "2017229"]
[WhiteElo "2464"]
[BlackElo "2650"]
[Result "1-0"]
[Round "05"]
[TimeControl "180+1"]
[Date "2022.12.20"]
[WhiteClock "0:00:54"]
[BlackClock "0:00:40"]

1. d4 Nf6 2. Nc3 d5 3. Nf3 c5 4. Bg5 cxd4 5. Bxf6 gxf6 6. Qxd4 e6 7. e4 Nc6 8. Bb5 Bd7 9. Qe3 dxe4 10. Qxe4 f5 11. Qf4 Bg7 12. O-O O-O 13. Rad1 Qc8 14. Ne2 a6 15. Ba4 b5 16. Bb3 Na5 17. Ng3 Nxb3 18. axb3 Bc6 19. Nh5 Bxf3 20. gxf3 Bxb2 21. Kh1 Kh8 22. Rg1 Qxc2 23. Qh6 Qc3 24. Rg3 Rg8 25. Kg2 Rg6 26. Rxg6 fxg6 27. Rd7 1-0


[Site "https://www.chess.com"]

[Event "Titled Tuesday Blitz December 20 Late 2022"]
[White "Bortnyk, Olexandr"]
[Black "Horvath, Dominik"]
[WhiteFideId "14120828"]
[BlackFideId "1642561"]
[WhiteElo "2723"]
[BlackElo "2405"]
[Result "1-0"]
[Round "05"]
[TimeControl "180+1"]
[Date "2022.12.20"]
[WhiteClock "0:00:06"]
[BlackClock "0:00:01"]

1. d4 Nf6 2. Nc3 d5 3. Bf4 c5 4. e4 dxe4 5. dxc5 Qa5 6. Qd2 Nc6 7. O-O-O e5 8. Nb5 Qxd2+ 9. Bxd2 Rb8 10. Nc7+ Ke7 11. Bg5 h6 12. Nd5+ Ke6 13. Bxf6 gxf6 14. Bc4 Kf5 15. Ne2 Kg6 16. b4 f5 17. f4 f6 18. g4 fxg4 19. fxe5 Nxe5 20. Nef4+ Kg5 21. h4+ gxh3 22. Rdg1+ Kf5 23. Rxh3 h5 24. Be2 Be6 25. Bxh5 Bxd5 26. Nxd5 Bh6+ 27. Kb2 Ke6 28. Nc7+ Kd7 29. Nd5 Ke6 30. Nc7+ Kd7 31. Nb5 f5 32. Rd1+ Ke7 33. Rd5 Bg7 34. Kb3 f4 35. Nd6 Bf6 36. Nxe4 Rbd8 37. Nd6 Nc6 38. c3 Ne5 39. Rd4 Ke6 40. Rxf4 Nd7 41. Bg4+ Ke7 42. Rxh8 Rxh8 43. Bxd7 1-0


[Site "https://www.chess.com"]

[Event "Titled Tuesday Blitz December 20 Late 2022"]
[White "Boruchovsky, Avital"]
[Black "Sebag, Marie"]
[WhiteFideId "2800055"]
[BlackFideId "617822"]
[WhiteElo "2450"]
[BlackElo "2440"]
[Result "0-1"]
[Round "05"]
[TimeControl "180+1"]
[Date "2022.12.21"]
[WhiteClock "0:00:09"]
[BlackClock "0:00:55"]

1. c4 c6 2. e4 d5 3. cxd5 cxd5 4. exd5 Nf6 5. Nc3 g6 6. Nf3 Bg7 7. Bc4 O-O 8. O-O Nbd7 9. d4 Nb6 10. Qb3 Nxc4 11. Qxc4 b6 12. Ne5 Bb7 13. Nc6 Qd7 14. b4 a6 15. Re1 Rfe8 16. Bg5 Rac8 17. Qb3 Nxd5 18. Nxd5 Qxc6 19. Nf4 Bxd4 20. Rad1 e5 21. b5 axb5 22. Rxd4 exf4 23. Rxe8+ Rxe8 24. f3 Qc1+ 25. Rd1 Re1+ 26. Kf2 Qxd1 0-1


[Site "https://www.chess.com"]

[Event "Titled Tuesday Blitz December 20 Late 2022"]
[White "Bryakin, Mikhail"]
[Black "Ozates, Tuna"]
[WhiteFideId "4165314"]
[BlackFideId "6354521"]
[WhiteElo "2391"]
[BlackElo "2151"]
[Result "1-0"]
[Round "05"]
[TimeControl "180+1"]
[Date "2022.12.21"]
[WhiteClock "0:00:15"]
[BlackClock "0:00:01"]

1. c4 e5 2. Nc3 Nf6 3. d3 Bb4 4. a3 Bxc3+ 5. bxc3 O-O 6. Nf3 Re8 7. e4 c6 8. Bg5 h6 9. Bh4 d6 10. Be2 Nbd7 11. O-O Nf8 12. a4 Ng6 13. Bg3 Qa5 14. Qb3 Rb8 15. Qb4 Qc7 16. a5 Bg4 17. h3 Be6 18. Bh2 Qd7 19. c5 Bxh3 20. Bg3 Nh5 21. Nh2 Nhf4 22. Bxf4 Nxf4 23. Bf3 Be6 24. cxd6 Red8 25. d4 Qxd6 26. Qxd6 Rxd6 27. dxe5 Rd3 28. Rfc1 Ng6 29. Be2 Rd2 30. Bf1 Nxe5 31. f4 Nd3 32. Nf3 Nxc1 33. Nxd2 Nb3 34. Nxb3 Bxb3 35. Kf2 g6 36. Ke3 Re8 37. Rb1 Bd5 38. Bd3 Bxe4 39. Bxe4 f5 40. Rxb7 Rxe4+ 41. Kf3 Rc4 42. a6 Rxc3+ 43. Kf2 Ra3 44. Rxa7 c5 45. g3 c4 46. Ke2 g5 47. Kd2 Rxg3 48. Rc7 Rd3+ 49. Kc2 Rd8 50. a7 g4 51. Rb7 g3 52. Rb8 g2 53. Rxd8+ 1-0


[Site "https://www.chess.com"]

[Event "Titled Tuesday Blitz December 20 Late 2022"]
[White "Can, Melih Kaan"]
[Black "Omelja, Artem"]
[WhiteFideId "6317383"]
[BlackFideId "14119846"]
[WhiteElo "2010"]
[BlackElo "2404"]
[Result "0-1"]
[Round "05"]
[TimeControl "180+1"]
[Date "2022.12.21"]
[WhiteClock "0:00:01"]
[BlackClock "0:00:15"]

1. d4 Nf6 2. c4 e6 3. Nc3 d5 4. Nf3 c6 5. e3 Nbd7 6. Qc2 Be7 7. Bd3 O-O 8. O-O Re8 9. b3 b6 10. e4 dxe4 11. Nxe4 Bb7 12. Bb2 Nxe4 13. Bxe4 Nf6 14. Bd3 h6 15. Rad1 Qc7 16. Ne5 c5 17. dxc5 Bxc5 18. Rfe1 Rad8 19. h3 a5 20. Qe2 Kf8 21. Bb1 Rxd1 22. Rxd1 Rd8 23. a3 Ke7 24. Ng4 Rxd1+ 25. Qxd1 Qg3 26. Bxf6+ gxf6 27. Qf1 Qxb3 28. Nxh6 Qxa3 29. Ng8+ Kf8 30. Nxf6 Bd4 31. Ne4 f5 32. Ng5 Ke7 33. Qe1 e5 34. Bxf5 Qg3 0-1


[Site "https://www.chess.com"]

[Event "Titled Tuesday Blitz December 20 Late 2022"]
[White "Carbone, Diego"]
[Black "Shapiro, Daniel"]
[WhiteFideId "3002179"]
[BlackFideId "2001780"]
[WhiteElo "2266"]
[BlackElo "2331"]
[Result "1-0"]
[Round "05"]
[TimeControl "180+1"]
[Date "2022.12.21"]
[WhiteClock "0:01:31"]
[BlackClock "0:00:50"]

1. d4 Nf6 2. c4 e6 3. Nc3 Bb4 4. Qc2 d5 5. a3 Be7 6. cxd5 exd5 7. Bf4 c6 8. e3 a5 9. Bd3 O-O 10. Nge2 Bg4 11. f3 Bh5 12. g4 Bg6 13. Bxg6 fxg6 14. h4 Ne8 15. h5 g5 16. h6 g6 17. Be5 Rxf3 18. Qxg6+ Kf8 19. Qxh7 Bf6 20. O-O-O Nd7 21. Rdf1 Rxf1+ 22. Rxf1 Qe7 23. Qh8+ Kf7 24. h7 Nxe5 25. Qg8# 1-0


[Site "https://www.chess.com"]

[Event "Titled Tuesday Blitz December 20 Late 2022"]
[White "Caruana, Fabiano"]
[Black "Tatarinov, Dmitry"]
[WhiteFideId "2020009"]
[BlackFideId "24160067"]
[WhiteElo "2847"]
[BlackElo "2326"]
[Result "1-0"]
[Round "05"]
[TimeControl "180+1"]
[Date "2022.12.20"]
[WhiteClock "0:00:50"]
[BlackClock "0:00:39"]

1. e4 c6 2. d4 d5 3. exd5 cxd5 4. Bd3 Nc6 5. c3 e5 6. dxe5 Nxe5 7. Be2 Bc5 8. Nf3 Nxf3+ 9. Bxf3 Nf6 10. O-O O-O 11. Bg5 Be6 12. Nd2 h6 13. Bh4 Bb6 14. Nb3 g5 15. Bg3 Ne4 16. Nd4 Qf6 17. Re1 Rfe8 18. Bxe4 dxe4 19. Rxe4 Bd5 20. Rxe8+ Rxe8 21. f3 h5 22. Bf2 h4 23. h3 Bc4 24. b3 Ba6 25. Qd2 Bc7 26. Kh1 Bf4 27. Qc2 b6 28. Re1 Rc8 29. c4 Bb7 30. Nf5 Rd8 31. Bd4 Rxd4 32. Re8+ Kh7 33. Nxd4+ Kh6 34. Nf5+ Kh5 35. Re1 Bc8 36. Ne7 Be6 37. Qh7+ Qh6 38. Qxh6+ Kxh6 39. Rd1 Kg7 40. Rd8 Kf6 41. Nd5+ Bxd5 42. Rxd5 Ke6 43. Kg1 f6 44. Kf2 1-0


[Site "https://www.chess.com"]

[Event "Titled Tuesday Blitz December 20 Late 2022"]
[White "ChessBrah"]
[Black "Carlsen, Magnus"]
[BlackFideId "1503014"]
[WhiteElo "2890"]
[BlackElo "2830"]
[Result "0-1"]
[Round "05"]
[TimeControl "180+1"]
[Date "2022.12.21"]
[WhiteClock "0:00:07"]
[BlackClock "0:01:59"]

1. e4 c5 2. Nf3 d6 3. Bb5+ Bd7 4. Bxd7+ Qxd7 5. O-O Nf6 6. Re1 Nc6 7. c3 e6 8. d4 cxd4 9. cxd4 d5 10. e5 Ng8 11. Nc3 Bb4 12. Bd2 Bf8 13. Rc1 Nge7 14. Ne2 h5 15. Nf4 Nf5 16. Bc3 Be7 17. a3 g5 18. Ne2 g4 19. Nd2 Bg5 20. Rc2 O-O-O 21. Nb3 b6 22. Bd2 Be7 23. Bb4 Kb7 24. Bxe7 Ncxe7 25. Nc3 Rc8 26. Qd3 h4 27. a4 Rc4 28. a5 Nc6 29. axb6 axb6 30. Rd2 Ncxd4 31. Nxd4 Rxd4 32. Qe2 Rxd2 33. Qxd2 h3 34. g3 Qc6 35. f3 gxf3 36. Qf2 Qc5 37. Na4 Qxf2+ 38. Kxf2 Rc8 39. Kxf3 Rc2 40. g4 Nd4+ 41. Kg3 b5 42. Nc3 Rxb2 43. Kxh3 Rb3 44. Re3 b4 45. Nd1 Rxe3+ 46. Nxe3 b3 47. Nd1 Nf3 48. Kg3 Nxe5 49. h4 Kc6 50. h5 f6 51. Kf4 Nf7 52. Ke3 Kc5 53. Kd3 Ne5+ 54. Kc3 Nxg4 55. Nf2 Nxf2 56. h6 Ne4+ 57. Kxb3 Ng5 0-1


[Site "https://www.chess.com"]